AoeStats
← :)

Black Forest

507244380Analyzed
4v4 RM · 16d ago on Sep 17, 2026· 57m 17s· 8 players
Game mode
Random Map
Map size
Large (8 player)
Population
200
Speed
Normal
Resources
Standard
Victory
Conquest
Starting age
Dark Age
Ending age
Imperial Age
RankedLock teamsTeams togetherTeam positionsShared explorationLock speedFull tech treeHidden civsTurbo modeCheats
Victory
Defeat
🇻🇳 Cumans · Vietnam
1402
+15
🇻🇳 Slavs · Vietnam
1380
+16
🇻🇳 Persians · Vietnam
1364
+17
🇻🇳 Shu · Vietnam
1280
+21
🇮🇪 Britons · Ireland
1429
-19
🇦🇹 Slavs · Austria
1379
-17
🇦🇷 Dravidians · Argentina
1379
-17
🇸🇪 Persians · Sweden
1343
-16
Ak-guy
11:25 Feudal Age
15:07 Castle Age
13:27 Double-Bit Axe
16:50 Bow Saw
16:58 Fishing Lines
20:42 Scale Barding Armor
21:58 Gillnets
22:25 Loom
23:26 Bloodlines
24:16 Wheelbarrow
27:15 Chain Barding Armor
27:48 Husbandry
29:03 Hand Cart
31:59 Forging
34:37 Imperial Age
32:08 Horse Collar
33:16 Iron Casting
34:19 Heavy Camel Rider
35:57 Plate Barding Armor
36:23 Blast Furnace
36:21 Conscription
37:15 Caravan
38:27 Elite War Elephant
39:21 Masonry
40:09 Fletching
45:25 Architecture
44:57 Cavalier
49:31 Savar
50:35 Heavy Plow
51:36 Two-Man Saw
Listiger
6:30 Loom
12:00 Feudal Age
16:04 Castle Age
14:14 Double-Bit Axe
15:21 Fishing Lines
22:12 Horse Collar
25:02 Wheelbarrow
27:40 Hand Cart
29:58 Imperial Age
28:53 Gillnets
29:18 Scale Barding Armor
29:04 Fletching
31:55 Detinets
31:27 Onager
32:28 Squires
32:36 Scale Mail Armor
32:46 Forging
32:39 Pikeman
33:47 Chain Mail Armor
33:56 Halberdier
36:18 Conscription
35:28 Siege Onager
37:58 Caravan
38:29 Coinage
39:58 Capped Ram
44:55 Banking
46:10 Plate Mail Armor
46:16 Iron Casting
45:38 Bodkin Arrow
46:04 Chain Barding Armor
45:56 Masonry
46:47 Chemistry
45:52 Druzhina
49:55 Blast Furnace
50:16 Siege Ram
54:45 Bow Saw
56:47 Two-Man Saw
Wololoagain1
0:58 Loom
10:34 Feudal Age
11:00 Town Watch
15:22 Castle Age
13:59 Double-Bit Axe
16:21 Bow Saw
25:21 Fletching
27:32 Bodkin Arrow
29:05 Ballistics
29:12 Padded Archer Armor
30:38 Leather Archer Armor
30:54 Horse Collar
32:35 Wheelbarrow
38:01 Imperial Age
36:40 Gold Mining
37:55 Hand Cart
39:11 Bracer
40:17 Chemistry
38:57 Crossbowman
39:47 Arbalester
43:31 Squires
43:07 Pikeman
44:12 Halberdier
44:54 Scale Mail Armor
45:04 Forging
45:55 Chain Mail Armor
48:34 Plate Mail Armor
49:02 Caravan
53:25 Iron Casting
56:02 Conscription
55:48 Capped Ram
:)
0:46 Loom
13:30 Feudal Age
17:41 Castle Age
16:10 Horse Collar
16:59 Double-Bit Axe
23:45 Bow Saw
23:36 Heavy Plow
25:02 Wheelbarrow
26:24 Hand Cart
26:06 Gold Mining
30:04 Fletching
30:14 Padded Archer Armor
33:17 Imperial Age
30:54 Thumb Ring
31:26 Bodkin Arrow
31:46 Leather Archer Armor
33:53 Elite Elephant Archer
35:36 Chemistry
35:40 Bracer
40:29 Caravan
42:16 Pikeman
43:27 Ring Archer Armor
42:58 Scale Mail Armor
43:08 Forging
43:21 Ballistics
45:54 Chain Mail Armor
46:15 Iron Casting
48:06 Light Cavalry
48:46 Husbandry
53:23 Scale Barding Armor
54:19 Blast Furnace
TanLN
9:57 Feudal Age
10:44 Double-Bit Axe
15:34 Horse Collar
18:17 Wheelbarrow
20:26 Castle Age
20:11 Gold Mining
21:54 Bow Saw
22:00 Heavy Plow
22:34 Bloodlines
24:56 Gold Shaft Mining
24:11 Stone Mining
27:30 Imperial Age
24:46 Loom
25:33 Scale Barding Armor
25:38 Forging
25:56 Forging
25:57 Fishing Lines
27:24 Chain Barding Armor
26:39 Capped Ram
28:04 Elite Steppe Lancer
29:28 Iron Casting
29:28 Plate Barding Armor
28:48 Cavalier
31:24 Blast Furnace
31:53 Two-Man Saw
30:50 Gillnets
31:33 Paladin
33:04 Ballistics
34:55 Stone Mining
35:14 Caravan
36:49 Conscription
36:39 Fletching
38:35 Chemistry
38:48 Bodkin Arrow
38:54 Padded Archer Armor
38:29 Light Cavalry
41:08 Thumb Ring
40:24 Elite Skirmisher
41:26 Leather Archer Armor
43:32 Ring Archer Armor
48:09 Hussar
54:02 Scale Mail Armor
57:42 Steppe Husbandry
Phu Thuy
9:24 Feudal Age
10:00 Loom
13:25 Castle Age
11:24 Double-Bit Axe
14:11 Gold Mining
14:02 Horse Collar
36:48 Gold Shaft Mining
41:29 Wheelbarrow
50:24 Imperial Age
51:35 Conscription
50:38 Capped Ram
51:28 Siege Engineers
51:58 Caravan
53:05 Siege Ram
danganharmy
0:31 Loom
12:41 Feudal Age
13:37 Double-Bit Axe
18:43 Castle Age
21:26 Horse Collar
22:00 Bow Saw
22:58 Wheelbarrow
22:52 Fishing Lines
23:27 Town Watch
27:40 Hand Cart
27:30 Heavy Plow
28:20 Hand Cart
34:28 Imperial Age
32:09 Forging
31:59 Scale Mail Armor
31:37 Pikeman
32:18 Squires
32:29 Gold Mining
32:29 Stone Mining
33:07 Fortified Wall
33:47 Iron Casting
33:56 Chain Mail Armor
34:34 Halberdier
36:17 Blast Furnace
35:47 Plate Mail Armor
36:02 Gold Shaft Mining
36:05 Druzhina
36:18 Man-at-Arms
37:14 Long Swordsman
39:30 Two-Man Saw
39:02 Crop Rotation
38:29 Two-Handed Swordsman
50:22 Capped Ram
51:31 Caravan
52:01 Coinage
Spartacus
11:46 Feudal Age
15:32 Castle Age
13:53 Horse Collar
14:01 Double-Bit Axe
15:36 Town Watch
16:18 Bow Saw
16:10 Heavy Plow
18:38 Wheelbarrow
18:00 Fishing Lines
21:01 Gillnets
21:07 Gillnets
22:54 Hand Cart
28:44 Imperial Age
26:00 Loom
26:11 Stone Mining
27:48 Gold Mining
28:34 Stone Shaft Mining
28:07 Scale Barding Armor
28:13 Forging
29:13 Chain Barding Armor
30:12 Two-Man Saw
29:43 Crop Rotation
30:17 Iron Casting
29:44 Husbandry
29:54 Bloodlines
29:32 Town Watch
29:24 Elite War Elephant
30:25 Conscription
31:12 Devotion
31:49 Plate Barding Armor
31:18 Murder Holes
31:33 Masonry
33:20 Blast Furnace
33:10 Coinage
35:16 Faith
36:55 Town Patrol
36:57 Caravan
37:59 Fervor
43:17 Guilds
43:38 Banking
46:45 Fletching
47:27 Architecture
54:19 Bodkin Arrow
54:47 Ballistics
Connection lost

Rejoining the realm…

Still unreachable

The connection could not be restored.

Session expired

The server has moved on; the page needs a fresh start.